 Dungeon Sprint DCSS version 0.18.1-47-g9310371 (webtiles) character file.

1858 Burgietje the Warrior (level 8, 0/93 HPs)
             Began as a Minotaur Fighter on June 15, 2016.
             Was a Believer of Okawaru.
             Slain by a fire elemental (6 damage)
             ... summoned by a deep elf mage
             ... in the Dungeon (Sprint IX: "|||||||||||||||||||||||||||||").
             The game lasted 00:01:35 (527 turns).

Burgietje the Warrior (Minotaur Fighter)             Turns: 527, Time: 00:01:36

Health: 0/93       AC: 11    Str: 21    XL:     8   Next: 89%
Magic:  6/7        EV:  3    Int:  8    God:    Okawaru [**....]
Gold:   0          SH: 10    Dex: 15    Spells: 0 memorised, 7 levels left

rFire  . . .     SeeInvis .     q - +1 broad axe (chop)
rCold  . . .     Gourm    .     r - +0 plate armour
rNeg   . . .     Faith    .     c - +0 shield
rPois  .         Spirit   .     (helmet restricted)
rElec  .         Dismiss  .     (no cloak)
rCorr  .         Reflect  .     (no gloves)
SustAt .         Harm     .     (no boots)
MR     .....     NoTele   +     (no amulet)
Stlth  ..........               t - +3 ring of dexterity
                                s - +3 ring of intelligence

@: not resistant to hostile enchantments, extremely unstealthy
A: retaliatory headbutt, horns 2
a: Heroism, Renounce Religion


You were in the Dungeon.
You worshipped Okawaru.
Okawaru was pleased with you.
You were not hungry.

You visited 1 branch

Inventory:

Hand Weapons
 q - a +1 broad axe of chopping (weapon)
Armour
 c - a +0 shield (worn)
 r - a +0 plate armour (worn)
Jewellery
 s - a +3 ring of intelligence (left hand)
 t - a +3 ring of dexterity (right hand)
Wands
 p - a wand of iceblast (7/15)
Scrolls
 k - 2 scrolls of blinking
 n - 3 scrolls of remove curse
 o - 2 scrolls of amnesia
Potions
 e - 5 potions of curing
 g - 3 potions of heal wounds
 h - a potion of haste
 i - 4 potions of magic
 j - a potion of berserk rage
 m - a potion of invisibility
Comestibles
 a - 6 chunks of flesh
 f - a bread ration


   Skills:
 + Level 16.1 Fighting
 + Level 16.0 Axes
 - Level 3.6 Armour
 - Level 3.6 Shields


You had 7 spell levels left.
You didn't know any spells.

Dungeon Overview and Level Annotations

Branches:
Dungeon (1/1)

Altars:
Cheibriados
Dithmenos
Elyvilon
Fedhas
Gozag
Kikubaaqudgha
Makhleb
Nemelex Xobeh
Okawaru
Pakellas
Qazlal
Ru
Sif Muna
Trog
Vehumet
Xom
Yredelemnul
Zin
The Shining One
Beogh
Jiyva
Lugonu


Innate Abilities, Weirdness & Mutations

You reflexively headbutt those who attack you in melee.
You have a pair of horns on your head.


Message History

You slash the fire elemental!
The fire elemental is almost destroyed.
The fire elemental hits you. The fire elemental burns you!
* * * LOW HITPOINT WARNING * * *
The crimson imp blinks!
The deep elf mage mumbles some strange words.
The deep elf mage blinks!
The yak snorts and paws the ground.
You block the fire elemental's attack.
The yak is engulfed in roaring flames.
The fire elemental hits you. The fire elemental burns you!
* * * LOW HITPOINT WARNING * * *
The yak snorts and paws the ground.
There is an open door to the Dungeon, spattered with blood here.
Items here: % )) [ a dagger; a robe; a giant spiked club; an inedible chunk of flesh
Things that are here:
a +0 scale mail; a +0 war axe The fire elemental hits you.
The fire elemental burns you!
You die... ▓▓▓▓▓▓▓▓▓▓▓▓▓▓▓▓▓▓▓▓▓▓▓▓▓▓▓▓▓▓▓▓▓ .5.5..†..Y.§§§§E@[[)|..'_________ ▓▓▓▓▓▓▓▓▓▓▓▓▓▓▓▓▓▓▓▓▓▓▓▓▓▓▓▓▓▓▓▓▓

You could see a yak and a fire elemental.

Vanquished Creatures
  An ugly thing (D)
  A hill giant (D)
  A griffon (D)
  A wyvern (D)
  A hippogriff (D)
  A wasp (D)
  An ogre (D)
  A centaur (D)
  2 hounds (D)
  An orc wizard (D)
  A worker ant (D)
  An adder (D)
  A giant gecko (D)
  A giant cockroach (D)
  A goblin (D)
  A hobgoblin (D)
  2 kobolds (D)
19 creatures vanquished.

Notes
Turn   | Place    | Note
--------------------------------------------------------------
     0 | D        | Burgietje the Minotaur Fighter began the quest for the Orb.
     0 | D        | Reached XP level 1. HP: 19/19 MP: 0/0
    20 | D        | Noticed an ogre
    20 | D        | Noticed a centaur
    20 | D        | Noticed a hound
    20 | D        | Noticed a hound
    24 | D        | Killed a hound
    24 | D        | Reached skill level 5 in Axes
    24 | D        | Reached XP level 2. HP: 22/31 MP: 1/1
    24 | D        | Reached XP level 3. HP: 27/38 MP: 2/2
    33 | D        | Killed a centaur
    33 | D        | Reached XP level 4. HP: 10/50 MP: 3/3
    33 | D        | Reached XP level 5. HP: 11/57 MP: 4/4
    36 | D        | Killed an ogre
    36 | D        | Reached skill level 10 in Fighting
    36 | D        | Reached skill level 10 in Axes
    52 | D        | Found a glowing silver altar of Zin.
    52 | D        | Found a glowing golden altar of the Shining One.
    52 | D        | Found an ancient bone altar of Kikubaaqudgha.
    52 | D        | Found a basalt altar of Yredelemnul.
    52 | D        | Found a shimmering altar of Xom.
    52 | D        | Found a radiant altar of Vehumet.
    53 | D        | Found an iron altar of Okawaru.
    54 | D        | Found a burning altar of Makhleb.
    55 | D        | Found a deep blue altar of Sif Muna.
    56 | D        | Found a bloodstained altar of Trog.
    57 | D        | Found a sparkling altar of Nemelex Xobeh.
    58 | D        | Found a white marble altar of Elyvilon.
    59 | D        | Found a roughly hewn altar of Beogh.
    60 | D        | Found a viscous altar of Jiyva.
    61 | D        | Became a worshipper of Warmaster Okawaru
    62 | D        | Found a corrupted altar of Lugonu.
    63 | D        | Found a blossoming altar of Fedhas.
    64 | D        | Found a snail-covered altar of Cheibriados.
    65 | D        | Found a shadowy altar of Dithmenos.
    66 | D        | Found a stormy altar of Qazlal.
    67 | D        | Found an opulent altar of Gozag.
    68 | D        | Found a sacrificial altar of Ru.
    69 | D        | Found an oddly glowing altar of Pakellas.
   331 | D        | Noticed a wyvern
   331 | D        | Noticed a hill giant
   331 | D        | Noticed a wasp
   335 | D        | Killed a hill giant
   335 | D        | Reached XP level 6. HP: 56/72 MP: 5/5
   335 | D        | Reached XP level 7. HP: 61/79 MP: 6/6
   339 | D        | Reached * piety under Okawaru
   344 | D        | Killed a wyvern
   500 | D        | Noticed a yak
   500 | D        | Noticed a deep elf mage
   500 | D        | Noticed a cyan ugly thing
   500 | D        | Noticed a griffon
   500 | D        | Noticed a hippogriff
   505 | D        | Killed a hippogriff
   505 | D        | Reached XP level 8. HP: 88/90 MP: 4/7
   510 | D        | Killed a griffon
   510 | D        | Reached ** piety under Okawaru
   510 | D        | Reached skill level 15 in Fighting
   510 | D        | Reached skill level 15 in Axes
   514 | D        | Killed a cyan ugly thing
   527 | D        | Slain by a fire elemental

Skill      XL: |  1  2  3  4  5  6  7  8 |
---------------+-------------------------+-----
Fighting       | 6 9 13 14 16 | 16.1
Axes           | 5 8 13 14 16 | 16.0
Armour         | |  3.6
Shields        | |  3.6

Action                   |  1- 3 |  4- 6 |  7- 9 || total
-------------------------+-------+-------+-------++-------
Melee: War axe           |    22 |     3 |       ||    25
       Headbutt          |     7 |     3 |     4 ||    14
       Broad axe         |       |     4 |    27 ||    31
Invok: Heroism           |       |       |     1 ||     1
  Use: Potion            |       |     1 |       ||     1
Armor: Scale mail        |     9 |       |       ||     9
       Plate armour      |       |     2 |    17 ||    19
Dodge: Dodged            |     6 |       |       ||     6
Block: Shield            |    11 |     3 |     8 ||    22
